 Dungeon Sprint DCSS version bcrawl-1.21.3 (webtiles) character file.

Game seed: 16192973303724250384

165 DieBirke the Skirmisher (level 5, 0/46 HPs)
             Began as a Demonspawn Fighter on Apr 9, 2020.
             Slain by a phantom (7 damage)
             ... in the Dungeon (Sprint IX: "|||||||||||||||||||||||||||||").
             The game lasted 00:00:17 (62 turns).

DieBirke the Skirmisher (Demonspawn Fighter)          Turns: 62, Time: 00:00:17

Health: 0/46       AC:  7    Str: 17    XL:     5   Next: 21%
Magic:  5/5        EV:  8    Int: 10    God:
Gold:   0          SH: 10    Dex: 12    Spells: 4/4 levels left

rFire    . . .     SeeInvis .   a - +0 flail
rCold    . . .     Gourm    .   c - +0 medium shield
rNeg     . . .     Faith    .   b - +0 scale mail
rPois    .         Spirit   .   (no helmet)
rElec    .         Reflect  .   (no cloak)
rCorr    .         Harm     .   (no gloves)
MR       .....     NoTele   +   (no boots)
Stlth    ..........             (no amulet)
HPRegen  0.15/turn              (no ring)
MPRegen  0.09/turn              (no ring)

@: berserk cooldown
A: powered by pain 2, sturdy frame 1
a: no special abilities


You were in the Dungeon.
You were not hungry.

You visited 1 branch

Inventory:

Hand Weapons
 a - a +0 flail (weapon)
Armour
 b - a +0 scale mail (worn)
 c - a +0 medium shield (worn)
Scrolls
 k - a scroll of blinking
Potions
 d - a potion of might
 f - a potion of curing
 g - a potion of heal wounds
 h - a potion of haste
 i - 2 potions of magic
Comestibles
 e - a ration {!d}


   Skills:
 + Level 5.8 Fighting
 * Level 5.2 Maces & Flails
 + Level 5.4 Armour
 + Level 0.7 Dodging
 + Level 5.6 Shields


You had 4 spell levels left.
You didn't know any spells.
Your spell library was empty.

Dungeon Overview and Level Annotations

Branches:
Dungeon (1/1)

Altars:


Innate Abilities, Weirdness & Mutations

You sometimes gain power by taking damage.
Your movements are slightly less encumbered by armour. (ER -2)


Message History

You hit the gnoll sergeant.
The gnoll sergeant is almost dead.
You block the gnoll sergeant's attack.
Your shield prevents you from hitting the gnoll sergeant.
The gnoll sergeant is almost dead.
The gnoll sergeant hits you with a +0 spear.
The phantom hits you but does no damage.
You hit the gnoll sergeant but do no damage.
The gnoll sergeant is almost dead.
The gnoll sergeant hits you with a +0 spear!
* * * LOW HITPOINT WARNING * * *
The phantom hits you but does no damage.
You hit the gnoll sergeant.
You kill the gnoll sergeant!
Your Maces & Flails skill increases to level 5!
You have reached level 5!
Your demonic ancestry asserts itself...
You feel even more energised by your suffering.
The phantom hits you!
You die...

▓.▓
▓.▓
▓†▓
▓)▓
▓.▓
▓.▓
▓.▓
▓W▓
▓@▓
▓)▓
▓r▓
▓.▓
▓.▓
▓.▓
▓+▓


You could see a phantom and a quokka.

Vanquished Creatures
  A sky beast (D)
  A gnoll sergeant (D)
  An adder (D)
  A giant cockroach (D)
  A jackal (D)
  A frilled lizard (D)
  A kobold (D)
  A rat (D)
8 creatures vanquished.

Notes
Turn   | Place    | Note
-------+----------+-------------------------------------------
     0 | D        | DieBirke the Demonspawn Fighter began the quest for the
                  | Orb.
     0 | D        | Reached XP level 1. HP: 18/18 MP: 1/1
    26 | D        | Noticed a sky beast
    26 | D        | Noticed a gnoll sergeant
    26 | D        | Noticed a phantom
    40 | D        | Killed a sky beast
    40 | D        | Reached skill level 5 in Fighting
    40 | D        | Reached skill level 5 in Armour
    40 | D        | Reached skill level 5 in Shields
    40 | D        | Gained mutation: You sometimes gain a little power by
                  | taking damage. [demonic ancestry]
    40 | D        | Reached XP level 2. HP: 27/27 MP: 2/2
    40 | D        | Reached XP level 3. HP: 33/33 MP: 3/3
    40 | D        | Gained mutation: Your movements are slightly less
                  | encumbered by armour. (ER -2) [demonic ancestry]
    40 | D        | Reached XP level 4. HP: 39/39 MP: 4/4
    62 | D        | Killed a gnoll sergeant
    62 | D        | Reached skill level 5 in Maces & Flails
    62 | D        | Gained mutation: You sometimes gain power by taking damage.
                  | [demonic ancestry]
    62 | D        | Reached XP level 5. HP: 7/46 MP: 5/5
    62 | D        | Slain by a phantom

Skill      XL: |  1  2  3  4 |
---------------+-------------+-----
Armour         | 5 |  5.4
Shields        | 5 |  5.6
Fighting       | 5 |  5.8
Maces & Flails | 4 5 |  5.2
Dodging        | |  0.7

Action                   |  1- 3 |  4- 6 || total
-------------------------+-------+-------++-------
Melee: Flail             |    29 |    21 ||    50
  Use: Potion            |     1 |       ||     1
Armor: Scale mail        |    11 |    10 ||    21
Dodge: Dodged            |     7 |     9 ||    16
Block: Medium shield     |    13 |    11 ||    24
